 Dungeon Crawl Stone Soup version 0.20.0-8-g6b59dc7 (webtiles) character file.

92 mcbry the Skirmisher (level 4, -8/50 HPs)
             Began as an Ogre Gladiator on June 1, 2017.
             Killed by nerve-wracking pain
             ... invoked by Grinder
              (11 damage)
             ... on level 3 of the Dungeon.
             The game lasted 00:09:09 (1753 turns).

mcbry the Skirmisher (Ogre Gladiator)               Turns: 1753, Time: 00:09:09

Health: -8/50      AC:  3    Str: 18    XL:     4   Next: 60%
Magic:  4/4        EV: 10    Int: 10    God:
Gold:   251        SH:  0    Dex: 10    Spells: 2/3 levels left

rFire    . . .     SeeInvis .   a - +0 quarterstaff
rCold    . . .     Gourm    .   (shield currently unavailable)
rNeg     . . .     Faith    .   b - +0 robe
rPois    .         Spirit   .   c - +0 hat
rElec    .         Reflect  .   (no cloak)
rCorr    .         Harm     .   (gloves unavailable)
MR       .....                  (boots unavailable)
Stlth    +.........             j - amulet of regeneration
Regen    0.6/turn               (no ring)
MPRegen  0.1/turn               (no ring)

@: no status effects
A: unfitting armour, tough skin 1
a: no special abilities


You were on level 3 of the Dungeon.
You were not hungry.

You visited 1 branch of the dungeon, and saw 3 of its levels.

You collected 251 gold pieces.

Inventory:

Hand Weapons
 a - a +0 quarterstaff (weapon)
Missiles
 d - 4 throwing nets (quivered)
 l - 7 tomahawks
Armour
 b - a +0 robe (worn)
 c - a +0 hat (worn)
Jewellery
 j - an amulet of regeneration (around neck)
Scrolls
 e - 4 scrolls of identify {unknown}
 h - a scroll of fog {unknown}
 k - a scroll of magic mapping {unknown}
 m - 2 scrolls of remove curse {unknown}
 n - a scroll of random uselessness {unknown}
 p - 3 scrolls of fear {unknown}
 q - a scroll of teleportation {unknown}
 r - a scroll of amnesia {unknown}
 u - a scroll of blinking {unknown}
 v - a scroll of noise {unknown}
Potions
 s - a potion of curing {unknown}
 t - a potion of might {unknown}
Books
 o - a book of Maledictions

   Spells                             Type                      Level
   a - Corona                         Hexes                        1
   b - Ensorcelled Hibernation        Hexes/Ice                    2
   c - Confuse                        Hexes                        3
   d - Tukima's Dance                 Hexes                        3
   e - Dazzling Spray                 Conjuration/Hexes            3
Comestibles
 f - 2 bread rations
 g - 6 meat rations
 i - 3 fruits


   Skills:
 + Level 5.4 Fighting
 - Level 3.3 Staves
 - Level 2.0 Throwing
 - Level 3.0 Dodging
 - Level 0.2 Spellcasting
 - Level 0.1 Hexes


You had 2 spell levels left.
You knew the following spells:

 Your Spells              Type           Power        Failure   Level  Hunger
a - Corona                Hex            #......      34%         1    ##.....


Dungeon Overview and Level Annotations

Branches:
Dungeon (3/15)

Altars:

Annotations:
D:3 Grinder


Innate Abilities, Weirdness & Mutations

You are too large for most types of armour.
You have tough skin. (AC +1)


Message History

Grinder is heavily wounded.
Grinder hits you.
* * * LOW HITPOINT WARNING * * *
You hit Grinder.
Grinder is heavily wounded.
Grinder barely misses you.
You hit Grinder but do no damage.
Grinder is heavily wounded.
Grinder hits you.
* * * LOW HITPOINT WARNING * * *
You writhe in agony.
* * * LOW HITPOINT WARNING * * *
You sock Grinder!
Grinder is severely wounded.
Grinder closely misses you.
You sock Grinder!
Grinder is almost dead.
Grinder gestures at you. Pain shoots through your body!
You die...

#.#.......##[......(..
....................###
##.###....#####...#.#
#. ###..# #...#.####
#..####.###.....>
##......## ....
#........###...
#........5#.#
#........#@#
#........#)[..#
#........#.#..#
#........#(.....
#.......)### .##.#
####.#.#.# .# # ..#.#.#
. #.##.#.# ## #. #.#.#


You could see Grinder.

Vanquished Creatures
  An adder (D:2)
  An ooze (D:1)
  2 worms
  4 dart slugs
  4 orcs (D:3)
  2 ball pythons
  3 bats
  3 giant cockroaches
  4 goblins
  5 hobgoblins
  2 jackals (D:2)
  2 quokkas (D:2)
  6 frilled lizards
  15 kobolds
  8 rats
62 creatures vanquished.

Notes
Turn   | Place    | Note
-------+----------+-------------------------------------------
     0 | D:1      | mcbry the Ogre Gladiator began the quest for the Orb.
     0 | D:1      | Reached XP level 1. HP: 22/22 MP: 1/1
    89 | D:1      | Reached skill level 3 in Fighting
    89 | D:1      | Reached XP level 2. HP: 24/31 MP: 2/2
   755 | D:1      | Reached XP level 3. HP: 39/39 MP: 3/3
   818 | D:2      | Learned a level 1 spell: Corona
   899 | D:2      | Reached skill level 4 in Fighting
  1440 | D:2      | Reached XP level 4. HP: 47/49 MP: 4/4
  1519 | D:3      | Reached skill level 5 in Fighting
  1735 | D:3      | Noticed Grinder
  1751 | D:3      | HP: 1/50 [Grinder (6)]
  1753 | D:3      | Killed from afar by Grinder

Skill      XL: |  1  2  3  4 |
---------------+-------------+-----
Fighting       | 3 4 5 |  5.4
Dodging        | 3 |  3.0
Staves         | |  3.3
Throwing       | |  2.0
Spellcasting   | |  0.2
Hexes          | |  0.1

Action                   |  1- 3 |  4- 6 || total
-------------------------+-------+-------++-------
Melee: Quarterstaff      |   105 |    53 ||   158
 Cast: Corona            |       |     6 ||     6
 Stab: Sleeping          |     1 |       ||     1
  Eat: Chunk             |     2 |     1 ||     3
Armor: Robe              |    32 |     4 ||    36
Dodge: Dodged            |    56 |    21 ||    77
